 Dungeon Crawl Stone Soup version 0.17.0-23-g0de4337 (console) character file.

760 gw the Chopper (level 7, 45/66 HPs)
             Began as a Deep Dwarf Berserker on Nov 15, 2015.
             Was a Priest of Trog.
             Starved to death
             ... on level 4 of the Dungeon.
             The game lasted 00:07:08 (3138 turns).

gw the Chopper (Deep Dwarf Berserker)               Turns: 3138, Time: 00:07:08

Health: 45/66      AC: 11    Str: 20    XL:     7   Next: 50%
Magic:  6/6        EV:  8    Int:  8    God:    Trog [***...]
Gold:   231        SH:  0    Dex: 14    Spells: 0 memorised, 6 levels left

rFire  . . .     SeeInvis .     a - +0 hand axe
rCold  . . .     Clarity  .     l - +0 chain mail
rNeg   . . .     SustAt   .     (no shield)
rPois  .         Gourm    .     (no helmet)
rElec  .         Spirit   .     q - +0 cloak
rCorr  .         Warding  .     (no gloves)
rMut   .         Stasis   .     (no boots)
MR     +....                    r - amulet of rage
Stlth  ..........               (no ring)
                                (no ring)

@: fainting, non-regenerating, somewhat resistant to hostile enchantments,
extremely unstealthy
A: damage resistance, recharge devices, sense surroundings 1, slow regeneration
3
a: Device Recharging, Berserk, Trog's Hand, Burn Spellbooks, Renounce Religion,
Evoke Berserk Rage


You were on level 4 of the Dungeon.
You worshipped Trog.
Trog was most pleased with you.
You were fainting.

You visited 1 branch of the dungeon, and saw 4 of its levels.

You collected 231 gold pieces.

Inventory:

Hand Weapons
 a - a +0 hand axe (weapon)
Armour
 l - a +0 chain mail (worn)
 q - a +0 cloak (worn)
Jewellery
 r - an amulet of rage (around neck)
Wands
 c - a wand of heal wounds (3)
 g - a wand of frost (11)
 o - a wand of flame (32)
Scrolls
 j - a scroll of identify
 n - 2 scrolls of remove curse
Potions
 b - a potion of agility
 e - a potion of might
 h - a potion of haste
 m - a potion of flight {unknown}
Comestibles
 d - 4 bread rations
 f - 3 meat rations
 i - a beef jerky
 p - 3 fruits


   Skills:
 + Level 4.6 Fighting
 * Level 7.2 Axes
 + Level 4.9 Armour
 - Level 2.1 Dodging
 - Level 1.5 Evocations


You had 6 spell levels left.
You didn't know any spells.

Dungeon Overview and Level Annotations

Branches:
Dungeon (4/15)
 Temple: D:4-7

Altars:
Nemelex Xobeh
Ru
Xom
Yredelemnul

Shops:
D:4 (


Innate Abilities, Weirdness & Mutations

You are resistant to damage.
You can recharge devices by infusing magical energy.
You passively map a small area around you.
You do not regenerate naturally.


Message History

Attempting RANGED ATTACK TO (-3,1); ATTACKING (-1,0)
You swing at nothing.
Attempting RANGED ATTACK TO (-3,1); ATTACKING (-1,0)
You swing at nothing.
Attempting RANGED ATTACK TO (-3,1); ATTACKING (-1,0)
You swing at nothing.
Attempting RANGED ATTACK TO (-3,1); ATTACKING (-1,0)
You swing at nothing.
Attempting RANGED ATTACK TO (-3,1); ATTACKING (-1,0)
You swing at nothing.
Attempting RANGED ATTACK TO (-3,1); ATTACKING (-1,0)
You swing at nothing.
Attempting RANGED ATTACK TO (-3,1); ATTACKING (-1,0)
You swing at nothing.
Attempting RANGED ATTACK TO (-3,1); ATTACKING (-1,0)
You swing at nothing.
Attempting RANGED ATTACK TO (-3,1); ATTACKING (-1,0)
You swing at nothing.
You have starved to death.
You die...

* , #.# #.# # * * *
#)##..# ?. *, #....# .###
* #..#### , ... * ##..##..
# * #.#### * #....#.# ,
#.# #.<..# ,### #.##<..# ,
#..# #..8###.......*#.#.#
#..###)g...# ..###..#.# *
#..l8.\.8.# #.. ...##.. *
###.##.#.####.,.#####.#
*** #...8#........####..#
. ###..###....##....... ..
##.##........####.#
###.####...........#.....#
......%.....).##.....###.#
,##.###..)...#...?..## #.#


You could see a giant gecko.

Table legend:
 A = Turns spent in this place as a percentage of turns spent in the entire game.
 B = Non-inter-level travel turns spent in this place as a percentage of non-inter-level travel turns spent in the entire game.
 C = Inter-level travel turns spent in this place as a percentage of turns spent in this place.
 D = Turns resting spent in this place as a percentage of non-inter-level travel turns spent in this place.
 E = Turns spent auto-exploring this place as a percentage of non-inter-level travel turns spent in this place.
 F = Non-inter-level travel turns spent in this place divided by the number of levels of this place that you've seen.
                   A       B       C       D       E      F
               +-------+-------+-------+-------+-------+----------------------
         Total | 100.0 | 100.0 |   0.2 |   0.1 |   1.5 | 2224.5
       Dungeon | 100.0 | 100.0 |   0.2 |   0.1 |   1.5 | 2224.5
               +-------+-------+-------+-------+-------+----------------------

Table legend:
 A = Kills in this place as a percentage of kills in entire the game.
 B = Kills by you in this place as a percentage of kills by you in the entire game.
 C = Kills by friends in this place as a percentage of kills by friends in the entire game.
 D = Other kills in this place as a percentage of other kills in the entire game.
 E = Experience gained in this place as a percentage of experience gained in the entire game.
 F = Experience gained in this place divided by the number of levels of this place that you have seen.
                   A       B       C       D       E      F
               +-------+-------+-------+-------+-------+----------------------
         Total | 100.0 | 100.0 |  -nan |  -nan | 100.0 | 271.5
       Dungeon | 100.0 | 100.0 |  -nan |  -nan | 100.0 | 271.5
               +-------+-------+-------+-------+-------+----------------------

Vanquished Creatures
  A phantom (D:4)
  2 ogres
  The ghost of jw the Chopper, an amateur OpBe of Trog (D:3)
  A giant frog (D:4)
  A scorpion (D:4)
  A hound (D:4)
  A giant frog skeleton (D:4)
  An orc priest (D:3)
  Natasha (twice) (D:2)
  A worker ant (D:4)
  3 adders
  7 gnolls
  2 worms
  3 giant geckos
  10 orcs
  A ball python (D:3)
  8 bats
  7 giant cockroaches
  3 hobgoblins (D:3)
  10 jackals
  3 giant newts
  6 goblins
  2 kobolds (D:2)
  A quokka (D:4)
  3 rats
81 creatures vanquished.

Notes
Turn   | Place    | Note
--------------------------------------------------------------
     0 | D:1      | gw the Deep Dwarf Berserker began the quest for the Orb.
     0 | D:1      | Reached XP level 1. HP: 20/20 MP: 1/1
   181 | D:1      | Found a sparkling altar of Nemelex Xobeh.
   200 | D:1      | Reached XP level 2. HP: 14/27 MP: 2/2
   297 | D:1      | You fall through a shaft!
   311 | D:2      | Reached skill level 1 in Evocations
   578 | D:2      | Reached XP level 3. HP: 34/34 MP: 3/3
   582 | D:2      | Reached ** piety under Trog
   582 | D:2      | Reached skill level 4 in Axes
   664 | D:2      | Found a basalt altar of Yredelemnul.
   716 | D:2      | Found a sacrificial altar of Ru.
   730 | D:2      | Noticed Natasha
   742 | D:2      | Killed Natasha
   816 | D:2      | Reached XP level 4. HP: 27/42 MP: 5/5
   972 | D:2      | Found a shimmering altar of Xom.
  1079 | D:2      | Noticed Natasha
  1089 | D:2      | Killed Natasha
  1164 | D:2      | Reached XP level 5. HP: 38/49 MP: 6/6
  1289 | D:3      | Noticed jw's ghost (amateur OpBe)
  1337 | D:3      | Killed jw's ghost
  1337 | D:3      | Reached skill level 5 in Axes
  1655 | D:3      | Reached XP level 6. HP: 34/57 MP: 6/6
  1669 | D:3      | Found a shimmering altar of Xom.
  1756 | D:3      | Noticed an ogre
  1838 | D:3      | Reached *** piety under Trog
  1890 | D:3      | Killed an ogre
  1890 | D:3      | Reached skill level 6 in Axes
  2491 | D:4      | Reached XP level 7. HP: 58/64 MP: 7/7
  2590 | D:4      | Found Tiwacepp's Antique Weapon Emporium.
  2855 | D:4      | Reached skill level 7 in Axes
  3138 | D:4      | Starved to death

Action                   |  1- 3 |  4- 6 |  7- 9 || total
-------------------------+-------+-------+-------++-------
Melee: Hand axe          |    91 |   331 |    87 ||   509
Invok: Berserk           |     2 |       |       ||     2
       Trog's Hand       |       |     1 |       ||     1
 Abil: Device Recharging |       |     1 |     1 ||     2
Evoke: Wand              |     2 |    14 |     2 ||    18
  Use: Potion            |       |     8 |       ||     8
       Scroll            |       |     6 |       ||     6
  Eat: Chunk             |     1 |     3 |     1 ||     5
       Bread ration      |       |     1 |       ||     1

Vault maps used:
D:1:      dpeg_arrival_oval, serial_bayou_pond_e,
          nemelex_xobeh_ov_fountains_minmay
D:2:      nicolae_overflow_crystal_walls, lemuel_crystal_altar, first_bread,
          tgw_xom, uniq_natasha
D:3:      lemuel_round_altar
D:4:      serial_shops, nicolae_shop_statue_plus
